 Dungeon Crawl Stone Soup version 0.31-a0-1570-g93c622d222 (webtiles) character file.

Game seed: 13207129074881618094

2823 bobo the Fighter (level 9, -2/101 HPs)
             Began as an Oni Gladiator on Jan 4, 2024.
             Was a Believer of the Shining One.
             Slain by an orc warlord
             ... wielding a +8 battleaxe
              (24 damage)
             ... on level 7 of the Dungeon.
             The game lasted 00:22:25 (6006 turns).

bobo the Fighter (Oni Gladiator)                    Turns: 6006, Time: 00:22:25

Health: -2/101     AC:  4    Str: 24    XL:     9   Next: 73%
Magic:  13/13      EV: 10    Int:  9    God:    the Shining One [**....]
Gold:   348        SH:  0    Dex: 10    Spells: 8/8 levels left

rFire   + . .        a - +0 giant club (freeze)
rCold   + . .        (shield currently unavailable)
rNeg    + . .        b - +0 robe
rPois   +            c - +0 hat
rElec   +            u - +0 cloak
rCorr   +            (gloves unavailable)
SInv    .            (boots unavailable)
Will    .....        (no amulet)
Stlth   +            (no ring)
HPRegen 0.36/turn    (no ring)
MPRegen 0.13/turn

%: no passive effects
@: resistant (expiring), glowing
A: large, unfitting armour, horns 1, tough skin 1, double potion healing,
drunken brawling
a: Renounce Religion, Divine Shield


You were on level 7 of the Dungeon.
You worshipped the Shining One.
The Shining One was pleased with you.
You visited 2 branches of the dungeon, and saw 8 of its levels.
You also visited: Bailey.

You collected 348 gold pieces.

Inventory:

Hand Weapons
 a - a +0 giant club of freezing (weapon)
 s - a +7 club
 v - a +0 morningstar
Missiles
 d - a throwing net
 e - a large rock
 l - 4 atropa-tipped darts
 q - 25 boomerangs (quivered)
Armour
 b - a +0 robe (worn)
 c - a +0 hat (worn)
 u - a +0 cloak (worn)
Jewellery
 k - a ring of magical power
 x - a ring of flight
Wands
 n - a wand of polymorph (28)
 t - a wand of digging (10)
Scrolls
 h - a scroll of enchant weapon
 y - a scroll of acquirement
Potions
 f - 3 potions of mutation
 i - 4 potions of curing
 j - a potion of invisibility {unknown}
 m - 2 potions of resistance
 o - a potion of magic {unknown}
 r - 5 potions of haste
 w - a potion of attraction {unknown}


   Skills:
 * Level 10.2 Fighting
 * Level 8.2 Maces & Flails
 + Level 5.4 Throwing
 - Level 3.0 Dodging
 + Level 6.0 Invocations


You had 8 spell levels left.
You didn't know any spells.
Your spell library contained the following spells:

 Spells                   Type           Power      Damage    Failure   Level
 Freeze                   Ice            0%         1d3       38%         1
 Kiss of Death            Conj/Necr      0%         2d5       38%         1
 Sandblast                Erth           0%         2d4       38%         1
 Jinxbite                 Hex            0%         N/A       52%         2
 Confusing Touch          Hex            0%         N/A       77%         3
 Frozen Ramparts          Ice            0%         1d1       77%         3
 Hailstorm                Conj/Ice       0%         3d5       77%         3
 Passwall                 Erth           0%         N/A       77%         3
 Stone Arrow              Conj/Erth      0%         3d7       77%         3
 Brom's Barrelling Bould  Conj/Erth      0%         2d3       99%         4
 Cause Fear               Hex            0%         N/A       99%         4
 Dispel Undead            Necr           0%         3d6       99%         4
 Ignite Poison            Fire/Alch      0%         N/A       99%         4
 Sticky Flame             Fire/Alch      0%         2d4       99%         4
 Fireball                 Conj/Fire      0%         3d3       100%        5
 Iskenderun's Battlesphe  Conj           0%         2d6       100%        5
 Yara's Violent Unravell  Hex/Alch       0%         3d3       100%        5
 Conjure Ball Lightning   Conj/Air       0%         3x3d6     100%        6
 Enfeeble                 Hex            0%         N/A       100%        7
 Orb of Destruction       Conj           0%         9d5       100%        7
 Ignition                 Fire           0%         3d3       100%        8
 Dragon's Call            Summ           0%         N/A       100%        9


Dungeon Overview and Level Annotations

Branches:
Dungeon (7/15)             Temple (1/1) D:4          Bailey (visited)

Altars:
Cheibriados
Dithmenos
Elyvilon
Gozag
Makhleb
Okawaru
Ru
Sif Muna
Uskayaw
Wu Jian
Xom
Yredelemnul
Zin
The Shining One

Shops:
D:3 (   D:4 (

Portals:
Abyss: D:3

Annotations:
D:3 2 transporters, Newt's ghost, amateur MfGl


Innate Abilities, Weirdness & Mutations

You are too large for most types of armour.
You have a pair of small horns on your head.
You have tough skin. (AC +1)
You gain doubled healing and magic from potions.
Whenever you drink a healing potion, you attack all around you.


Message History

Your Invocations skill increases to level 6!
Things that are here:
a +0 flail; a +0 chain mail of poison resistance
Things that are here:
a +0 dagger; a +0 robe; an orc corpse
Items here: )) [[ †.
Found 11 gold pieces.
You start resting.
Your extra speed is starting to run out.
You start resting.
You feel yourself slow down.
You start resting.
HP restored.
You start resting.
An orc warlord is nearby!
The orc warlord shouts!
You open the large door.
A bullfrog comes into view.
You start to feel less resistant.
The bullfrog gives a loud, deep croak!
You bludgeon the bullfrog!! You freeze the bullfrog.
Your headbutt misses the bullfrog.
The bullfrog is almost dead.
The bullfrog hits you!
You hit the bullfrog but do no damage.
The bullfrog is almost dead.
The bullfrog hits you! The bullfrog hits you.
The orc warlord hits you with a +8 battleaxe!!
* * * LOW HITPOINT WARNING * * *
Unknown command.
Okay, then.
You take a swig of the potion and twirl your +0 giant club of freezing.
You hit the bullfrog. You freeze the bullfrog.
You kill the bullfrog!
You hit the orc warlord but do no damage.
You headbutt the orc warlord!
The orc warlord is lightly wounded.
You savour every drop.
You feel better.
The orc warlord hits you with a +8 battleaxe!!
You die...

#..#****.#**,* *,* * #..#
*.# *,# *,*****
###..#####$###.* *,,,,,,
***#..).....#....,*
*******
#.$..#.)###....#,,*
#.##.##).#....##,,*
#,*#.###.....#**,,*
*****,*#.#,##..o##,*,,**
*,,,,,,..+⌠,##@##,⌠+,*,**
*,***,*..#,,,#'#,,,*,**,*
*,***,*..#*,,.'.,,**,*,**
*,**,,,,,,**.....**,*,**
*,**,,*,*,,##.⌠.##,,,**
*,**,,*,**,,##.##,,*,*
*,,,,,,,***,,#+#,,,*,*
****,,*** **,,+,,*,*,*
***,,* **,,,**,*,*


You could see an orc warlord.

Vanquished Creatures
  Eustachio (D:5)
  A wraith (D:6)
  2 ice beasts
  A black bear (D:6)
  6 orc warriors
  A sky beast (D:6)
  An ogre (D:4)
  A phantom (D:6)
  Blork the orc (D:5)
  2 bullfrogs (D:7)
  A necrophage (D:4)
  3 gnoll sergeants
  3 wights
  2 water moccasin zombies (D:4)
  A howler monkey (D:6)
  2 hounds
  3 orc priests
  A gnoll bouda (D:5)
  A jelly (D:6)
  A human zombie (D:4)
  An iguana (D:5)
  Ijyb (D:3)
  5 orc wizards
  A mummy (D:4)
  2 hound zombies (D:4)
  A howler monkey zombie (D:4)
  15 gnolls
  3 adders
  An adder zombie (D:4)
  A dart slug (D:2)
  A ribbon worm (D:2)
  31 orcs
  4 ball pythons
  6 bats
  5 endoplasms
  2 giant cockroaches
  10 goblins
  7 hobgoblins
  4 jackals (D:1)
  2 quokkas
  2 frilled lizards
  13 kobolds
  A quokka zombie (D:4)
  3 rats (D:1)
157 creatures vanquished.

Vanquished Creatures (others)
  A ball python (D:3)
1 creature vanquished.

Grand Total: 158 creatures vanquished

Notes
Turn   | Place    | Note
-------+----------+-------------------------------------------
     0 | D:1      | bobo the Oni Gladiator began the quest for the Orb.
     0 | D:1      | Reached XP level 1. HP: 22/22 MP: 1/1
    31 | D:1      | Reached skill level 3 in Fighting
    37 | D:1      | Reached XP level 2. HP: 16/31 MP: 2/2
   132 | D:1      | Found a faded altar of an unknown god.
   161 | D:1      | Prayed at the altar of an unknown god.
   161 | D:1      | Became a worshipper of Elyvilon the Healer
   161 | D:1      | Reached * piety under Elyvilon
   379 | D:1      | Reached XP level 3. HP: 37/37 MP: 3/3
   763 | D:2      | Reached ** piety under Elyvilon
   783 | D:2      | Reached skill level 1 in Invocations
  1121 | D:3      | Noticed a small abomination
  1123 | D:3      | Found a transporter.
  1130 | D:3      | Reached XP level 4. HP: 40/48 MP: 4/4
  1130 | D:3      | Found a one-way gate to the infinite horrors of the Abyss.
  1130 | D:3      | Noticed Newt's ghost (amateur MfGl)
  1165 | D:3      | Noticed a small abomination
  1192 | D:3      | Reached skill level 4 in Fighting
  1199 | D:3      | Noticed Ijyb
  1256 | D:3      | HP: 2/48 [orc/+1 mace of protection (8)]
  1409 | D:3      | Found a transporter.
  1426 | D:3      | Noticed a toenail golem
  1437 | D:3      | Found Bigus's Weapon Boutique.
  1506 | D:3      | Killed Ijyb
  1507 | D:3      | Reached XP level 5. HP: 55/55 MP: 6/6
  1601 | D:3      | Found a glowing silver altar of Zin.
  1777 | D:4      | Noticed an ogre
  1788 | D:4      | Killed an ogre
  1789 | D:4      | Reached skill level 5 in Fighting
  1789 | D:4      | Reached XP level 6. HP: 44/66 MP: 7/7
  1926 | D:4      | Reached *** piety under Elyvilon
  2304 | D:4      | Found a hide-covered altar of Uskayaw.
  2327 | D:4      | Found a staircase to the Ecumenical Temple.
  2442 | D:4      | Found Afoll's Antique Weapon Emporium.
  2738 | D:4      | Reached skill level 5 in Maces & Flails
  2738 | D:4      | Reached XP level 7. HP: 36/74 MP: 9/9
  2870 | D:4      | Found a basalt altar of Yredelemnul.
  2890 | D:4      | Reached skill level 6 in Fighting
  3211 | Temple   | Entered the Ecumenical Temple
  3223 | Temple   | Fell from the grace of Elyvilon
  3223 | Temple   | Became a worshipper of the Shining One
  3223 | Temple   | Reached * piety under the Shining One
  3259 | D:5      | Entered Level 5 of the Dungeon
  3573 | D:5      | Noticed Eustachio
  3580 | D:5      | Noticed Blork the orc
  3766 | D:5      | Reached skill level 7 in Fighting
  3766 | D:5      | Reached XP level 8. HP: 80/83 MP: 10/10
  3914 | D:5      | Killed Blork the orc
  3933 | D:5      | Killed Eustachio
  4358 | D:6      | Reached skill level 8 in Fighting
  4385 | D:6      | Found an ornate altar of the Wu Jian Council.
  4469 | D:6      | Reached ** piety under the Shining One
  4574 | D:6      | Reached XP level 9. HP: 97/97 MP: 12/12
  4582 | D:6      | Reached skill level 5 in Invocations
  4589 | D:6      | Reached skill level 9 in Fighting
  5216 | D:6      | Reached skill level 5 in Throwing
  5499 | D:7      | Found a flagged portal.
  5579 | Bailey   | Entered a bailey
  5662 | Bailey   | Noticed an orc warlord
  5728 | Bailey   | Reached skill level 10 in Fighting
  5764 | Bailey   | Found a runed translucent gate.
  5766 | Bailey   | Found a runed translucent gate.
  5768 | Bailey   | Found a runed translucent gate.
  6005 | D:7      | HP: 1/101 [orc warlord/+8 battleaxe (35)]
  6006 | D:7      | Slain by an orc warlord

Illustrated notes

Levels and vault maps discovered:
D:1:      minmay_arrival_open_corners, layout_basic,
          shapermc_ecumenical_altar_starsandcircs, minivault_25
D:2:      layout_basic
D:3:      layout_basic, mainiacjoe_overflow_alcove_2,
          gammafunk_ghost_abyssal_escape, serial_shops,
          nicolae_shop_just_a_little_nook, uniq_ijyb
D:4:      layout_loops_corners, overflow_temple_1_default,
          lemuel_mausoleum_altar_yredelemnul, minmay_temple_entry_proselytizer,
          serial_shops, nicolae_shop_hallway_stairs, minmay_misc_feat_hallway
D:5:      layout_basic, sword_in_stone
D:6:      layout_cave_pods, nicolae_wu_jian_wuxing_cycle
D:7:      layout_loops_ring, tgw_trog, kennysheep_mini, enter_bailey_5,
          grunt_decor_arrowhead, chequers_jeans, corexii_corridor_pit
Temple:   dpeg_three_leaves_temple

Skill      XL: |  1  2  3  4  5  6  7  8  9 |
---------------+----------------------------+-----
Fighting       | 3 4 5 7 8 10 | 10.2
Dodging        | 3 |  3.0
Invocations    | 1 2 3 4 6 |  6.0
Maces & Flails | 4 5 7 8 |  8.2
Throwing       | 3 4 5 |  5.4

Action                     |  1- 3 |  4- 6 |  7- 9 || total
---------------------------+-------+-------+-------++-------
  Melee: Flail             |   100 |    29 |       ||   129
         Headbutt          |    16 |    13 |    56 ||    85
         Punch             |     1 |       |     1 ||     2
         Unarmed           |       |     8 |       ||     8
         Club              |       |    37 |   145 ||   182
         Giant club        |       |    10 |   104 ||   114
  Throw: Stone             |     3 |     7 |     9 ||    19
         Large rock        |       |     4 |     3 ||     7
         Throwing net      |       |     3 |     2 ||     5
         Dart              |       |     4 |     9 ||    13
         Boomerang         |       |       |    44 ||    44
 Invoke: Heal Other        |       |     1 |       ||     1
         Divine Shield     |       |       |     3 ||     3
    Use: Scroll            |     2 |     3 |     6 ||    11
         Potion            |       |     1 |     5 ||     6
   Stab: Sleeping          |     1 |       |       ||     1
 Armour: Robe              |    64 |    53 |   183 ||   300
         Skin              |       |     3 |       ||     3
  Dodge: Dodged            |    59 |    45 |   113 ||   217
  Block: Other             |       |       |    11 ||    11

Table legend: (Time is in decaauts)
 A = Elapsed time spent in this place.
 B = Non-inter-level travel time spent in this place.
 C = Inter-level travel time spent in this place.
 D = Time resting spent in this place.
 E = Time spent auto-exploring this place.
 F = Levels seen in this place.
 G = Mean time per level.
                   A        B        C        D        E       F      G
               +--------+--------+--------+--------+--------+-----+--------+
         Total |   6048 |   5813 |    235 |    710 |   3639 |   9 |  672.0 |
       Dungeon |   5669 |   5445 |    224 |    640 |   3639 |   7 |  809.9 |
        Temple |     24 |     13 |     11 |      0 |      0 |   1 |   24.0 |
        Bailey |    354 |    354 |      0 |     70 |      0 |   1 |  354.0 |
               +--------+--------+--------+--------+--------+-----+--------+

Top non-repeatable levels by time:
     D:4: 1478 daAuts
     D:6: 1137 daAuts
     D:5: 1118 daAuts
     D:1: 617 daAuts
     D:2: 603 daAuts
     D:3: 567 daAuts
  Bailey: 354 daAuts
     D:7: 148 daAuts
  Temple: 24 daAuts
